 Dungeon Crawl Stone Soup version 0.27.1 (webtiles) character file.

Game seed: 901546499677709692

65 Ishikawa the Magician (level 3, -2/27 HPs)
             Began as a Demigod Hedge Wizard on Aug 30, 2021.
             Slain by Sigmund (5 damage)
             ... on level 2 of the Dungeon on Aug 31, 2021.
             The game lasted 00:07:22 (2163 turns).

Ishikawa the Magician (Demigod Hedge Wizard)        Turns: 2163, Time: 00:07:22

Health: -2/27      AC:  3    Str: 11    XL:     3   Next: 67%
Magic:  2/10       EV: 12    Int: 20    God:
Gold:   120        SH:  0    Dex: 13    Spells: 0/8 levels left

rFire    . . .     SeeInvis .   a - +0 dagger
rCold    . . .     Faith    .   (no shield)
rNeg     . . .     Spirit   .   b - +0 robe
rPois    .         Reflect  .   c - +0 hat
rElec    .         Harm     .   (no cloak)
rCorr    .         Rampage  .   f - +0 pair of gloves
Will     .....                  (no boots)
Stlth    ++........             (no amulet)
HPRegen  0.09/turn              (no ring)
MPRegen  0.12/turn              (no ring)

@: no status effects
A: high mp 1, forlorn
a: no special abilities


You were on level 2 of the Dungeon.
You visited 1 branch of the dungeon, and saw 2 of its levels.

You collected 120 gold pieces.

Inventory:

Hand Weapons
 a - a +0 dagger (weapon)
Armour
 b - a +0 robe (worn)
 c - a +0 hat (worn)
 f - a +0 pair of gloves (worn)
Scrolls
 e - a scroll of teleportation {unknown}
 g - a scroll of fog {unknown}
Potions
 d - a potion of attraction {unknown}
 h - 2 potions of flight {unknown}


   Skills:
 * Level 0.5 Fighting
 * Level 2.0 Dodging
 * Level 2.0 Stealth
 * Level 3.4 Spellcasting
 * Level 1.5 Conjurations
 * Level 1.2 Summonings
 - Level 1.0 Translocations


You couldn't memorise any spells.
You knew the following spells:

 Your Spells              Type           Power      Damage    Failure   Level
a - Magic Dart            Conj           36%        1d4       7%          1
b - Call Imp              Summ           8%         N/A       12%         2
c - Blink                 Tloc           N/A        N/A       13%         2
d - Conjure Flame         Conj/Fire      6%         6-21      30%         3

Your spell library contained the following spells:

 Spells                   Type           Power      Damage    Failure   Level
 Slow                     Hex            3%         N/A       21%         2
 Mephitic Cloud           Conj/Pois/Air  5%         N/A       32%         3


Dungeon Overview and Level Annotations

Branches:
Dungeon (2/15)

Annotations:
D:2 Sigmund


Innate Abilities, Weirdness & Mutations

Your attributes grow dramatically as you level up.
You have an increased reservoir of magic. (+10% MP)
You shall have no god before yourself.


Message History

A beastly little devil appears in a puff of flame.
Your iron imp misses Sigmund.
Sigmund hits your iron imp with a +0 scythe!
Your crimson imp barely misses Sigmund.
Casting: Call Imp (safe; 12% risk of failure)
Confirm with . or Enter, or press ? or * to list all spells.
A beastly little devil appears in a puff of flame.
Sigmund hits your iron imp with a +0 scythe!
Your iron imp dies!
Your crimson imp blinks!
Your crimson imp hits Sigmund.
A goblin comes into view. It is wielding a +0 dagger.
Your shadow imp completely misses Sigmund.
Your crimson imp blinks!
Your shadow imp disappears in a puff of smoke!
Sigmund mumbles some strange words.
Sigmund flickers and vanishes!
Deactivating autopickup; reactivate with Ctrl-A.
Your crimson imp blinks!
Your crimson imp blinks!
Something hits you but does no damage.
Your crimson imp blinks!
A magic dart appears from out of thin air!
The magic dart hits you!
Your crimson imp blinks!
You hear some strange, mumbled words.
Your crimson imp easily resists.
A magic dart appears from out of thin air!
The magic dart hits your crimson imp.
You see here a +0 club.
Your crimson imp blinks!
Something hits you!
* * * LOW HITPOINT WARNING * * *
Your crimson imp blinks!
Something hits you.
* * * LOW HITPOINT WARNING * * *
Your crimson imp hits the goblin.
Your crimson imp blinks!
Something hits you.
You die...

###........#.........'[..
...........#.........####
...........g.........#
........§.)....§.....#
#................#.....#
#..........5.....#.........
#.......>5.......#.........
#......###g......#.........
#......# #@#######.........
#......# #)#.....#.........
#......###.#.###.#.........
#.......##.#.# #.#
###'###.##.#.###.# #.#
#.##.#.#..<# #.#
#.##.#.########## #.#
#....#..........#
#.#################.#


You could see 2 goblins and 2 friendly crimson imps.

Vanquished Creatures
  2 adders (D:2)
  2 endoplasms
  9 goblins
  4 hobgoblins
  2 jackals (D:1)
  2 bats (D:1)
  A frilled lizard (D:1)
  3 kobolds
  3 rats
28 creatures vanquished.

Vanquished Creatures (collateral kills)
  Terence (D:2)
  A worm (D:2)
  3 goblins (D:2)
  2 jackals (D:1)
7 creatures vanquished.

Vanquished Creatures (others)
  A goblin (D:2)
1 creature vanquished.

Grand Total: 36 creatures vanquished

Notes
Turn   | Place    | Note
-------+----------+-------------------------------------------
     0 | D:1      | Ishikawa the Demigod Hedge Wizard began the quest for the
                  | Orb.
     0 | D:1      | Reached XP level 1. HP: 14/14 MP: 6/6
   333 | D:1      | Reached skill level 1 in Translocations
   400 | D:1      | Reached skill level 1 in Conjurations
   509 | D:1      | Reached skill level 3 in Spellcasting
   509 | D:1      | Reached XP level 2. HP: 20/20 MP: 6/8
   512 | D:1      | Learned a level 2 spell: Call Imp
   515 | D:1      | Learned a level 2 spell: Blink
   543 | D:1      | Reached skill level 1 in Summonings
  1355 | D:2      | Noticed Sigmund
  1558 | D:2      | Reached XP level 3. HP: 26/26 MP: 3/10
  1658 | D:2      | Noticed Terence
  1849 | D:2      | Killed Terence
  2135 | D:2      | Learned a level 3 spell: Conjure Flame
  2163 | D:2      | Slain by Sigmund

Illustrated notes

Levels and vault maps discovered:
D:1:      tarquinn_simple_flora_water_e, layout_basic,
          ebering_ecumenical_altar_mist, kennysheep_boxes
D:2:      layout_basic, uniq_sigmund, uniq_terence, uniq_robin

Skill      XL: |  1  2  3 |
---------------+----------+-----
Translocations | 1 |  1.0
Conjurations   | 1 |  1.5
Spellcasting   | 3 |  3.4
Summonings     | 1 |  1.2
Dodging        | 2 |  2.0
Stealth        | 2 |  2.0
Fighting       | |  0.5

Action                   || total
-------------------------++-------
Melee: Dagger            ||    25
 Cast: Magic Dart        ||    59
       Call Imp          ||    17
Armor: Robe              ||    10
Dodge: Dodged            ||    14
